 Dungeon Crawl Stone Soup version 0.26.0-16-gc1dbca0489 (webtiles) character file.

Game seed: 12487026507558344466

5133 thiole the Thaumaturge (level 10, 0/94 HPs)
             Began as an Octopode Hedge Wizard on Jan 21, 2021.
             Was an Initiate of Gozag.
             Slain by a killer bee (2 damage)
             ... on level 11 of the Dungeon.
             The game lasted 00:37:45 (14110 turns).

thiole the Thaumaturge (Octopode Hedge Wizard)     Turns: 14110, Time: 00:37:45

Health: 0/94       AC: 25    Str: 11    XL:     10   Next: 58%
Magic:  0/23       EV:  2    Int: 19    God:    Gozag
Gold:   986        SH:  8    Dex: 11    Spells: 12/27 levels left

rFire    . . .     SeeInvis .   g - +3 hand axe
rCold    . . .     Faith    .   t - +3 buckler
rNeg     + + +     Spirit   +   (helmet currently unavailable)
rPois    +         Reflect  .   h - amulet of guardian spirit
rElec    .         Harm     .   f - ring of poison resistance
rCorr    .         Rampage  .   (no ring)
Will     .....     NoTele   +   (no ring)
Stlth    +++.......             (no ring)
HPRegen  0.25/turn              (no ring)
MPRegen  0.18/turn              (no ring)
                                (no ring)
                                (no ring)

@: lethally poisoned (0 -> -3), tree-form
A: almost no armour, stealthy swim, (amphibious), 8 rings, (constrict 8)
a: Renounce Religion, Potion Petition, Call Merchant, Bribe Branch


You were on level 11 of the Dungeon.
You worshipped Gozag.
Gozag was pleased with you.
You were a tree.
You visited 2 branches of the dungeon, and saw 12 of its levels.

You collected 1576 gold pieces.
You paid 590 gold pieces to Gozag.

Inventory:

Hand Weapons
 a - a +0 dagger
 g - a +3 hand axe (weapon)
Armour
 b - a +0 hat (melded)
 t - a +3 buckler (worn)
Jewellery
 f - a ring of poison resistance (left branch)
 h - an amulet of guardian spirit (around neck)
 z - an uncursed amulet of reflection
Wands
 r - a wand of paralysis (13)
 w - a wand of digging (1)
 B - a wand of iceblast (4)
Scrolls
 d - 3 scrolls of remove curse
 e - 4 scrolls of magic mapping
 j - a scroll of silence {unknown}
 l - 2 scrolls of brand weapon {unknown}
 n - 3 scrolls of teleportation
 o - a scroll of blinking {unknown}
 u - a scroll of fog {unknown}
 x - 2 scrolls of enchant weapon {unknown}
 y - a scroll of amnesia {unknown}
 E - a scroll of fear {unknown}
 F - a scroll of enchant armour
Potions
 c - 2 potions of magic {unknown}
 i - 2 potions of brilliance
 k - 2 potions of haste
 m - 2 potions of heal wounds {unknown}
 p - 3 potions of might
 q - 2 potions of lignification
 s - 3 potions of curing {unknown}
 v - a potion of flight {unknown}
 A - a potion of ambrosia
 C - a potion of berserk rage {unknown}
 D - a potion of invisibility {unknown}
 G - a potion of resistance {unknown}


   Skills:
 + Level 3.1 Fighting
 - Level 2.0 Dodging
 + Level 7.6 Stealth
 - Level 4.4 Shields
 - Level 9.4 Spellcasting
 - Level 2.0 Conjurations
 + Level 3.4 Hexes
 * Level 5.1 Summonings
 - Level 1.0 Translocations
 - Level 9.4 Air Magic
 - Level 3.0 Evocations


You had 12 spell levels left.
You knew the following spells:

 Your Spells              Type           Power        Failure   Level
a - Magic Dart            Conj           64%          3%          1
b - Call Imp              Summ           28%          1%          2
c - Slow                  Hex            22%          3%          2
d - Mephitic Cloud        Conj/Pois/Air  23%          4%          3
e - Summon Lightning Spi  Summ/Air       36%          4%          4
f - Summon Guardian Gole  Hex/Summ       25%          4%          3

Your spell library contained the following spells:

 Spells                   Type           Power        Failure   Level
 Summon Small Mammal      Summ           100%         1%          1
 Call Canine Familiar     Summ           28%          2%          3
 Blink                    Tloc           N/A          8%          2
 Conjure Flame            Conj/Fire      12%          16%         3
 Silence                  Hex/Air        16%          16%         5
 Cause Fear               Hex            11%          19%         4
 Summon Ice Beast         Ice/Summ       18%          26%         4
 Yara's Violent Unravell  Hex/Tmut       7%           73%         5
 Discord                  Hex            11%          100%        8


Dungeon Overview and Level Annotations

Branches:
Dungeon (11/15)            Temple (1/1) D:5             Orc (0/2) D:10
   Lair: D:8-11

Altars:
Ashenzari
Cheibriados
Dithmenos
Elyvilon
Fedhas
Gozag
Kikubaaqudgha
Qazlal
Sif Muna
Trog
Uskayaw
Vehumet
Xom
Yredelemnul
Zin
The Shining One

Shops:
D:5 !   D:10 *(

Annotations:
D:10 Harold, Joseph


Innate Abilities, Weirdness & Mutations

You cannot wear most types of armour.
You are very stealthy in the water. (Stealth+)
((You are amphibious.))
You can wear up to eight rings at the same time.
((You can use your tentacles to constrict eight enemies at once.))
((Your skin changes colour to match your surroundings (Stealth+).))
((Your rubbery body absorbs attacks. (AC +1, EV +1)))


Message History

The killer bee is severely wounded.
* * * LOW HITPOINT WARNING * * *
You feel sick.
The killer bee stings you but does no damage. x2
You miss the killer bee.
The killer bee is severely wounded.
* * * LOW HITPOINT WARNING * * *
You feel sick.
The killer bee is no longer distracted by gold.
The killer bee stings you but does no damage.
The killer bee stings you.
* * * LOW HITPOINT WARNING * * *
You block the killer bee's attack.
You miss the killer bee.
The killer bee is severely wounded.
You barely miss the killer bee.
The killer bee stings you but does no damage. x4
The killer bee stings you.
You die...
Your body crumbles into a pile of gold.

#..#
#######..#
y........#
y....(...#
...y.....#
#..# #.$#
#y$# #♣y#
#######..#
.........#
.........#
########.#
#.# #.#
#.# #.#


You could see 2 killer bees.

Vanquished Creatures
  Erica (D:10)
  A shadow (D:11)
  Eustachio (D:5)
  A sky beast (D:11)
  An orc warrior (D:6)
  2 bullfrogs (D:9)
  A wight (D:8)
  2 killer bees (D:11)
  3 centaur zombies
  A howler monkey (D:5)
  A bullfrog zombie (D:7)
  An orc priest (D:4)
  5 hounds
  A jelly (D:7)
  2 bullfrog skeletons
  4 orc wizards
  2 iguanas
  Ijyb (D:3)
  5 worker ants
  A killer bee zombie (D:7)
  A hound skeleton (D:5)
  A worker ant zombie (D:7)
  3 gnolls (D:4)
  10 adders
  A shadow imp (D:5)
  5 ufetubi
  3 oozes
  An adder zombie (D:8)
  3 worms
  13 dart slugs
  5 leopard geckos
  9 orcs
  2 ball pythons
  13 bats
  8 giant cockroaches
  12 goblins
  7 hobgoblins
  13 jackals
  3 quokkas
  4 frilled lizards
  9 kobolds
  A leopard gecko skeleton (D:4)
  A quokka skeleton (D:5)
  10 rats
175 creatures vanquished.

Vanquished Creatures (collateral kills)
  A two-headed ogre (D:9)
  A centaur skeleton (D:10)
  2 wyverns
  7 yaks (D:10)
  4 orc warriors
  3 black bears
  3 ogres (D:8)
  A phantom (D:9)
  2 centaurs
  2 bullfrogs (D:10)
  4 scorpions
  4 killer bees
  3 wights (D:8)
  A howler monkey (D:4)
  2 quasits (D:8)
  2 hounds
  4 orc wizards
  4 orc priests
  2 jellies
  An iguana (D:4)
  A worker ant (D:10)
  3 gnolls (D:10)
  2 adders
  A white imp (D:8)
  A leopard gecko (D:8)
  11 orcs
  A giant cockroach (D:8)
  A jackal (D:7)
  2 quokkas
  A quokka skeleton (D:7)
77 creatures vanquished.

Vanquished Creatures (others)
  A gargoyle (D:10)
  A gnoll sergeant (D:10)
  15 fungi (D:10)
  3 plants
20 creatures vanquished.

Grand Total: 272 creatures vanquished

Notes
Turn   | Place    | Note
-------+----------+-------------------------------------------
     0 | D:1      | thiole the Octopode Hedge Wizard began the quest for the
                  | Orb.
     0 | D:1      | Reached XP level 1. HP: 11/11 MP: 4/4
   164 | D:1      | Reached XP level 2. HP: 17/17 MP: 3/6
   298 | D:1      | Learned a level 2 spell: Call Imp
   301 | D:1      | Learned a level 2 spell: Slow
   325 | D:1      | Found a broken altar of Ashenzari.
   613 | D:1      | Reached XP level 3. HP: 21/21 MP: 5/7
   617 | D:1      | Learned a level 3 spell: Mephitic Cloud
  1754 | D:2      | Reached XP level 4. HP: 20/27 MP: 5/9
  2889 | D:3      | Noticed Ijyb
  2893 | D:3      | Reached XP level 5. HP: 28/31 MP: 5/10
  3331 | D:3      | Killed Ijyb
  3332 | D:3      | Reached skill level 5 in Stealth
  3995 | D:3      | Noticed a fire elemental
  4031 | D:3      | Found a stormy altar of Qazlal.
  4033 | D:3      | Noticed a water elemental
  4033 | D:3      | Noticed an air elemental
  4190 | D:3      | Found a faded altar of an unknown god.
  4464 | D:4      | Reached XP level 6. HP: 26/36 MP: 4/12
  4467 | D:4      | Reached XP level 7. HP: 30/41 MP: 4/19
  5529 | D:5      | Entered Level 5 of the Dungeon
  5620 | D:5      | Noticed Eustachio
  5725 | D:5      | Killed Eustachio
  5913 | D:5      | Reached XP level 8. HP: 42/46 MP: 17/21
  5961 | D:5      | Found Hasti's Distillery.
  6030 | D:5      | Found a staircase to the Ecumenical Temple.
  6078 | Temple   | Entered the Ecumenical Temple
  6112 | Temple   | Became a worshipper of Gozag Ym Sagoz the Greedy
  6540 | D:6      | Reached skill level 1 in Shields
  7529 | D:7      | Found a bloodstained altar of Trog.
  7642 | D:7      | Reached skill level 1 in Hexes
  7689 | D:7      | Reached skill level 1 in Evocations
  7763 | D:7      | Learned a level 4 spell: Summon Lightning Spire
  7767 | D:7      | Learned a level 3 spell: Summon Guardian Golem
  7973 | D:7      | Reached skill level 1 in Fighting
  8627 | D:8      | Reached XP level 9. HP: 50/53 MP: 16/22
  9018 | D:8      | Found a glowing golden altar of the Shining One.
  9192 | D:8      | Found a shimmering blue altar of Sif Muna.
  9658 | D:8      | Found a shadowy altar of Dithmenos.
 10408 | D:9      | Found a glowing silver altar of Zin.
 10582 | D:9      | Noticed a two-headed ogre
 10627 | D:10     | Entered Level 10 of the Dungeon
 10731 | D:10     | Noticed a gargoyle
 10931 | D:9      | Killed a two-headed ogre
 11088 | D:9      | Found a hide-covered altar of Uskayaw.
 11422 | D:10     | Killed a gargoyle
 11727 | D:10     | Reached XP level 10. HP: 60/60 MP: 13/23
 11823 | D:10     | Found Ceziliv's Weapon Shoppe.
 11926 | D:10     | Found a staircase to the Orcish Mines.
 12247 | D:10     | Noticed Erica
 12489 | D:10     | Killed Erica
 12892 | D:10     | Reached skill level 5 in Summonings
 12982 | D:10     | Noticed Joseph
 12983 | D:10     | Noticed Harold
 13435 | D:11     | HP: 2/63 [sky beast (5)]
 13789 | D:11     | Noticed a boulder beetle
 14107 | D:11     | HP: 4/94 [killer bee (3)]
 14110 | D:11     | Slain by a killer bee

Illustrated notes

Levels and vault maps discovered:
D:1:      lightli_arrival_flooded_house, layout_loops_ring,
          evilmike_ruin_ashenzari
D:2:      layout_loops_cross, minmay_diced_spiral
D:3:      kennysheep_slugbush, layout_loops_corners,
          nicolae_qazlal_style_of_elements, serial_forest,
          infiniplex_forest_corner_2, infiniplex_forest_clump_medium,
          infiniplex_forest_clump_tiny, infiniplex_forest_clump_medium,
          infiniplex_forest_end_2, infiniplex_forest_lined_2,
          chequers_ecumenical_altar_lobes, minivault_11, nrook_campfire,
          uniq_ijyb
D:4:      layout_cave_pools, minivault_26
D:5:      layout_rooms, minmay_temple_entry_waves, serial_shops, shop,
          uniq_eustachio
D:6:      layout_loops_ring, glass_columns_b
D:7:      layout_basic, nicolae_overflow_crystal_walls, st_stairs_4,
          kennysheep_nub
D:8:      layout_loops_ring, kennysheep_little_box,
          nicolae_dithmenos_the_darkroom, nicolae_tso_carved_into_rock
D:9:      layout_loops_ring, zin_treasury, eat_drink_and_be_merry_uskayaw,
          glass_columns_a
D:10:     layout_cave_pods, grunt_lair_entry_orc_guard_hut, orc_0_dummy,
          serial_shops, shop, uniq_joseph, uniq_harold, uniq_erica
D:11:     layout_long_grid, kennysheep_generic_room_8
Temple:   compressed_dpeg_circular_temple

Skill      XL: |  1  2  3  4  5  6  7  8  9 10 |
---------------+-------------------------------+-----
Stealth        | 3 4 5 6 7 |  7.6
Conjurations   | 2 |  2.0
Summonings     | 2 4 5 |  5.1
Spellcasting   | 4 9 |  9.4
Air Magic      | 8 9 |  9.4
Shields        | 2 3 4 |  4.4
Hexes          | 1 2 3 |  3.4
Evocations     | 1 2 3 |  3.0
Fighting       | 1 2 3 |  3.1
Dodging        | |  2.0
Translocations | |  1.0

Action                   |  1- 3 |  4- 6 |  7- 9 | 10-12 || total
-------------------------+-------+-------+-------+-------++-------
Melee: Dagger            |    43 |       |       |       ||    43
       Tentacles         |     8 |     7 |    30 |     9 ||    54
       Constrict         |    11 |    14 |    37 |     6 ||    68
       Hand axe          |     5 |    57 |   153 |    75 ||   290
       Unarmed           |       |     1 |       |       ||     1
 Cast: Magic Dart        |    71 |   120 |   170 |     9 ||   370
       Call Imp          |       |       |    29 |    10 ||    39
       Summon Lightning  |       |       |    50 |    23 ||    73
       Mephitic Cloud    |       |       |     2 |       ||     2
       Slow              |       |       |     1 |       ||     1
       Summon Guardian G |       |       |     2 |     4 ||     6
Invok: Call Merchant     |       |       |       |     1 ||     1
Evoke: Wand              |       |       |     3 |     1 ||     4
  Use: Scroll            |     3 |     4 |     9 |     1 ||    17
       Potion            |     1 |     1 |       |     5 ||     7
 Stab: Sleeping          |     2 |     1 |     2 |       ||     5
       Distracted        |       |       |     2 |     1 ||     3
Armor: Skin              |    10 |     4 |     6 |    17 ||    37
Dodge: Dodged            |    38 |    34 |   108 |    65 ||   245
Block: Buckler           |       |       |    44 |    42 ||    86
